 Dungeon Crawl Stone Soup version bcrawl-1.37.1 (webtiles) character file.

Game seed: 18337725837405272839

235104 Morbidden the Ducker (level 8, -3/46 HPs)
             Began as a Skeleton Archaeologist on Oct 22, 2022.
             Was an Initiate of Cheibriados.
             Slain by a slave (4 damage)
             ... led by Pikel
             ... on level 5 of the Dungeon.
             The game lasted 00:08:42 (4414 turns).

Morbidden the Ducker (Skeleton Archaeologist)       Turns: 4414, Time: 00:08:43

Health: -3/46      AC:  9    Str: 20    XL:     8   Next: 0%
Magic:  0/14       EV: 13    Int: 15    God:    Cheibriados [......]
Gold:   167        SH:  0    Dex:  8    Spells: 15/15 levels left

rFire    . . .     GDR:     23% a - +5 quarterstaff "Meregog" {drain, +Inv rPois rN+}
rCold    + + +     SeeInvis .   (shield currently unavailable)
rNeg     + + +     Gourm    .   c - +1 robe
rPois    ∞         Faith    .   d - +2 hat
rElec    .         Spirit   +   t - +1 cloak
rCorr    .         Reflect  .   (no gloves)
MR       +....                  e - +1 pair of boots
Stlth    +++.......             (no amulet)
HPRegen  0.17/turn              h - ring "Sadohin" {Wiz *Contam rC+++ rN++ Stlth+}
MPRegen  0.14/turn              (no ring)

@: about to teleport, marked, very slow
A: no food or potions, cold resistance 1, deterioration 1, negative energy
resistance 3, powered by death 1, torment resistance, unbreathing, magic shield,
sturdy frame 1, spell healing
a: Bend Time, Renounce Religion, Evoke Invisibility


You were on level 5 of the Dungeon.
You worshipped Cheibriados.
Cheibriados was noncommittal.
You were not hungry.

You visited 1 branch of the dungeon, and saw 5 of its levels.

You collected 383 gold pieces.
You spent 216 gold pieces at shops.

Inventory:

Hand Weapons
 a - the +5 quarterstaff "Meregog" (weapon) {drain, +Inv rPois rN+}
   (You bought it in a shop on level 4 of the Dungeon)

   A truly terrible weapon, it drains the life of those it strikes.
   It protects you from poison.
   It protects you from negative energy.
   It lets you turn invisible.
 b - a +1 blowgun
 s - a +0 short sword of venom
Missiles
 f - 5 curare-tipped needles
Armour
 c - a +1 robe (worn)
 d - a +2 hat (worn)
 e - a +1 pair of boots (worn)
 t - a +1 cloak (worn)
Jewellery
 h - the ring "Sadohin" (left hand) {Wiz *Contam rC+++ rN++ Stlth+}
   (You acquired it on level 2 of the Dungeon)

   [ring of wizardry]

   It improves your spell success rate.
   It renders you almost immune to cold.
   It greatly protects you from negative energy.
   It causes magical contamination when unequipped.
   It makes you more stealthy.
Wands
 j - a wand of polymorph (6)
 n - a wand of iceblast (6)
Scrolls
 g - 3 scrolls of magic mapping
 i - 6 scrolls of identify
 l - 2 scrolls of remove curse
 m - 2 scrolls of noise
 p - a scroll of fear {unknown}
 q - a scroll of amnesia {unknown}
 r - 2 scrolls of teleportation


   Skills:
 * Level 3.5 Fighting
 + Level 2.2 Short Blades
   Level 2.8(3.3) Maces & Flails
 + Level 2.3(3.1) Staves
 * Level 3.4 Armour
 * Level 5.9 Dodging
 + Level 4.7 Stealth
 * Level 4.0 Spellcasting
 * Level 0.3 Invocations
 * Level 0.6 Evocations


You had 15 spell levels left.
You didn't know any spells.
Your spell library was empty.

Dungeon Overview and Level Annotations

Branches:
Dungeon (5/12)             Temple (0/1) D:5

Altars:
Cheibriados
Okawaru

Shops:
D:4 (

Annotations:
D:3 Terence
D:5 Grinder, Pikel


Innate Abilities, Weirdness & Mutations

You do not eat or drink.
You are immune to poison.
Your flesh is cold resistant. (rC+)
Your body sometimes deteriorates upon taking damage.
You are immune to negative energy. (rN+++)
You regenerate a little health from kills.
You are immune to unholy pain and torment.
You can survive without breathing.
When hurt, damage is shared between your health and your magic reserves.
Your movements are slightly less encumbered by armour. (ER -2)
Casting spells heals you.


Message History

As you read the scroll labeled KIM JIKHESUL, it crumbles to dust.
It is a scroll of enchant weapon.
Your +0 blowgun glows red for a moment.
Grinder says, "I used to sell toenails on the black market."
The slave misses you.
The phantom hits you but does no damage.
The slave hits you but does no damage. Pikel hits you but does no damage.
Unknown command.
Unknown command.
Unknown command.
You hear a grinding noise.
The phantom hits you but does no damage.
You hear a grinding noise.
The phantom hits you.
* * * LOW HITPOINT WARNING * * *
Unknown command.
You hear a grinding noise.
Grinder blinks!
The slave closely misses you. The phantom closely misses you.
The slave hits you.
You die...

.. #.....#........#
#.....##..#.##...#..#.# #>
.....#...#......^..# .
#.##......#.#.........#
##...............#.....###
..........................
.......#.# #.......(.....#
.......#p###....##.....#..
.......Kp@.....###...<.###
..?...§.W#.....# #######
.#....#)...#.#.#
#.#....######## . #..###
###


You could see Pikel, a phantom and 2 slaves.

Vanquished Creatures
  A hippogriff (D:4)
  2 slaves (D:5)
  A phantom (D:3)
  Blork the orc (D:5)
  A scorpion (D:4)
  A centaur (D:5)
  3 crimson imps
  2 quasits
  Crazy Yiuf (D:4)
  A hound (D:3)
  A bullfrog skeleton (D:4)
  2 orc wizards
  Ijyb (D:2)
  A worker ant (D:4)
  8 adders
  A shadow imp (D:4)
  An ooze (D:3)
  3 adder skeletons
  6 worms
  3 dart slugs
  7 leopard geckos
  3 orcs
  2 ball pythons
  3 giant cockroaches
  11 goblins
  10 hobgoblins
  6 jackals
  2 quokkas (D:2)
  5 bats
  5 frilled lizards
  9 kobolds
  6 rats
110 creatures vanquished.

Notes
Turn   | Place    | Note
-------+----------+-------------------------------------------
     0 | D:1      | Morbidden the Skeleton Archaeologist began the quest for
                  | the Orb.
     0 | D:1      | Reached XP level 1. HP: 12/12 MP: 1/1
   104 | D:1      | Reached XP level 2. HP: 13/16 MP: 0/2
   433 | D:1      | Reached skill level 1 in Spellcasting
   525 | D:1      | Reached XP level 3. HP: 15/20 MP: 1/4
  1126 | D:2      | Found an iron altar of Okawaru.
  1510 | D:2      | Noticed Ijyb
  1575 | D:2      | Killed Ijyb
  1576 | D:2      | Reached skill level 1 in Armour
  1576 | D:2      | Reached XP level 4. HP: 9/26 MP: 4/6
  1934 | D:2      | Reached skill level 4 in Dodging
  1934 | D:2      | Reached XP level 5. HP: 23/30 MP: 4/7
  1934 | D:2      | Identified a scroll of acquirement
  1934 | D:2      | Identified the +0 buckler of the Fife {rC+ rN++ Dex+2} (You
                  | acquired it on level 2 of the Dungeon)
  1934 | D:2      | Identified the ring "Sadohin" {Wiz *Contam rC+++ rN++
                  | Stlth+} (You acquired it on level 2 of the Dungeon)
  2335 | D:3      | Noticed a phantom
  2412 | D:3      | Noticed Terence
  2694 | D:3      | Killed a phantom
  2695 | D:3      | Reached skill level 1 in Short Blades
  2695 | D:3      | Gained mutation: You regenerate a little health from kills.
                  | [Skeleton growth]
  2695 | D:3      | Reached XP level 6. HP: 12/36 MP: 3/9
  3505 | D:4      | Reached skill level 5 in Dodging
  3540 | D:4      | Found Pejileddul's Antique Weapon Boutique.
  3548 | D:4      | Bought an iridescent quarterstaff for 216 gold pieces
  3548 | D:4      | Identified the +5 quarterstaff "Meregog" {drain, +Inv rPois
                  | rN+} (You bought it in a shop on level 4 of the Dungeon)
  3722 | D:4      | Reached XP level 7. HP: 32/40 MP: 9/11
  3799 | D:4      | Noticed a hippogriff
  3809 | D:4      | Killed a hippogriff
  3960 | D:4      | Found a runed door.
  4036 | D:5      | Entered Level 5 of the Dungeon
  4042 | D:5      | Reached skill level 1 in Staves
  4196 | D:4      | Noticed Crazy Yiuf
  4200 | D:4      | Killed Crazy Yiuf
  4291 | D:5      | Found a snail-covered altar of Cheibriados.
  4300 | D:5      | Became a worshipper of Cheibriados the Contemplative
  4341 | D:5      | Found a staircase to the Ecumenical Temple.
  4379 | D:5      | Noticed Grinder
  4393 | D:5      | Noticed Blork the orc
  4393 | D:5      | Noticed Pikel
  4399 | D:5      | Paralysed by Grinder for 2 turns
  4408 | D:5      | Killed Blork the orc
  4409 | D:5      | Reached XP level 8. HP: 11/46 MP: 4/14
  4411 | D:5      | HP: 2/46 [slave[Pikel] (2)]
  4414 | D:5      | Slain by a slave

Skill      XL: |  1  2  3  4  5  6  7 |
---------------+----------------------+-----
Spellcasting   | 1 2 3 4 |  4.0
Maces & Flails | 2 |  2.8
Stealth        | 4 |  4.7
Armour         | 1 2 3 |  3.4
Fighting       | 2 3 |  3.5
Dodging        | 4 5 |  5.9
Short Blades   | 1 2 |  2.2
Staves         | 2 |  2.3
Invocations    | |  0.3
Evocations     | |  0.6

Action                   |  1- 3 |  4- 6 |  7- 9 || total
-------------------------+-------+-------+-------++-------
Melee: Whip              |   263 |    15 |       ||   278
       Dagger            |       |   213 |       ||   213
       Short sword       |       |    67 |       ||    67
       Quarterstaff      |       |    12 |    69 ||    81
 Fire: Blowgun           |     1 |       |       ||     1
Evoke: Wand              |       |     4 |       ||     4
  Use: Scroll            |     5 |     2 |     4 ||    11
 Stab: Sleeping          |     4 |     9 |     1 ||    14
Armor: Robe              |    74 |   105 |    71 ||   250
Dodge: Dodged            |   171 |   176 |   109 ||   456
